 Dungeon Crawl Stone Soup version 0.28.0-53-g5a82cb258f (webtiles) character file.

Game seed: 5857921329183371370

868 pkoi the Digger (level 7, -8/50 HPs)
             Began as a Demigod Earth Elementalist on May 27, 2022.
             Mangled by Pikel
             ... wielding a +0 whip of electrocution
              (10 damage)
             ... on level 5 of the Dungeon.
             The game lasted 00:08:48 (9080 turns).

pkoi the Digger (Demigod Earth Elementalist)        Turns: 9080, Time: 00:08:49

Health: -8/50      AC:  3    Str:  9    XL:     7   Next: 44%
Magic:  9/12       EV: 12    Int: 25    God:
Gold:   75         SH:  0    Dex: 14    Spells: 2/9 levels left

rFire   . . .      SeeInvis .   e - +1 spear
rCold   . . .      Faith    .   (no shield)
rNeg    . . .      Spirit   .   b - +0 robe
rPois   .          Reflect  .   (no helmet)
rElec   .          Harm     .   d - +0 cloak
rCorr   .          Rampage  .   (no gloves)
Will    .....                   (no boots)
Stlth   ++........              (no amulet)
HPRegen 0.16/turn               (no ring)
MPRegen 0.13/turn               (no ring)

@: very slightly contaminated
A: high MP 1, forlorn, divine attributes
a: no special abilities


You were on level 5 of the Dungeon.
You visited 2 branches of the dungeon, and saw 6 of its levels.

You collected 75 gold pieces.

Inventory:

Hand Weapons
 e - a +1 spear (weapon)
 f - a +0 war axe
 h - a +0 whip
Missiles
 c - 110 stones
Armour
 b - a +0 robe (worn)
 d - a +0 cloak (worn)
Jewellery
 n - a ring of fire
Scrolls
 a - a scroll of holy word
 o - a scroll of enchant weapon
Potions
 j - a potion of curing
 p - a potion of magic


   Skills:
 - Level 1.7 Dodging
 - Level 1.7 Stealth
 - Level 1.7 Spellcasting
 + Level 4.5 Conjurations
 - Level 0.8 Transmutations
 + Level 2.9 Ice Magic
 + Level 6.2 Earth Magic


You had 2 spell levels left.
You knew the following spells:

 Your Spells              Type           Power      Damage    Failure   Level
a - Sandblast             Erth           66%        2d15      1%          1
b - Stone Arrow           Conj/Erth      58%        3d10      3%          3
c - Ozocubu's Armour      Ice            17%        N/A       11%         3

Your spell library contained the following spells:

 Spells                   Type           Power      Damage    Failure   Level
 Passwall                 Tmut/Erth      16%        N/A       4%          2
 Petrify                  Tmut/Erth      20%        N/A       26%         4
 Inner Flame              Hex/Fire       2%         N/A       34%         3
 Tukima's Dance           Hex            2%         N/A       34%         3
 Anguish                  Hex/Necr       1%         N/A       75%         4
 Cause Fear               Hex            1%         N/A       75%         4
 Enfeeble                 Hex            1%         N/A       100%        7
 Ozocubu's Refrigeration  Ice            8%         4d6       100%        7
 Discord                  Hex            1%         N/A       100%        8


Dungeon Overview and Level Annotations

Branches:
Dungeon (5/15)             Temple (1/1) D:5

Annotations:
D:3 2 transporters, Shockd's ghost, amateur TeAE
D:4 1 runed translucent door, Zeld's ghost, amateur HOFi
D:5 Pikel


Innate Abilities, Weirdness & Mutations

You have an increased reservoir of magic. (+10% MP)
You shall have no god before yourself.
Your divine heritage dramatically boosts your attributes as you level up.


Message History

Level annotation: Pikel The lemure hits you but does no damage.
Pikel closely misses you. The lemure hits you but does no damage.
Pikel drinks a potion.
Pikel seems to grow stronger.
There is a staircase to the Ecumenical Temple, spattered with blood here.
Aiming: Sandblast (safe; 1% risk of failure)
Press: ? - help, Q - select action, (/) - cycle Shift-Dir - straight line, f - Pikel
Aim: Pikel, wielding a +0 whip of electrocution and wearing a +0 robe (strong, 77% to hit)
You miscast Sandblast.
You are very lightly contaminated with residual magic.
Nothing appears to happen.
You feel a little less mighty now. The lemure misses you.
Pikel hits you with a +0 whip of electrocution!
* * * LOW HITPOINT WARNING * * *
You hit Pikel but do no damage. The lemure hits you.
* * * LOW HITPOINT WARNING * * *
Pikel hits you with a +0 whip of electrocution!
* * * LOW HITPOINT WARNING * * *
You hit Pikel but do no damage.
Your resistance to elements expires.
The lemure closely misses you.
Pikel hits you with a +0 whip of electrocution!
* * * LOW HITPOINT WARNING * * *
Aiming: Sandblast (safe; 1% risk of failure)
Press: ? - help, Q - select action, (/) - cycle Shift-Dir - straight line, f/p - Pikel
Aim: Pikel, wielding a +0 whip of electrocution and wearing a +0 robe (strong, 77% to hit)
The blast of sand misses Pikel.
The lemure closely misses you.
Pikel hits you with a +0 whip of electrocution!
* * * LOW HITPOINT WARNING * * *
Aiming: Sandblast (safe; 1% risk of failure)
Press: ? - help, Q - select action, (/) - cycle Shift-Dir - straight line, f/p - Pikel
Aim: Pikel, wielding a +0 whip of electrocution and wearing a +0 robe (strong, 77% to hit)
The blast of sand hits Pikel.
Pikel is lightly wounded.
The lemure hits you.
* * * LOW HITPOINT WARNING * * *
Pikel hits you with a +0 whip of electrocution!
You die...

?....... (......
..#.#... ### ........#
... .........<
#.#########.#.....#..
#...⌠.......#5.. #..
#^......)...#.# ...
#.⌠.@.⌠....##.# ##.#
.#..K5.........# ##
#......⌠......#..#######
#.###.##.#....#..5......
. ......#=...#.# #.....
...###########.###.....
|.. #......... ##
###....... #....###


You could see Pikel (strong) and a lemure.

Vanquished Creatures
  Sigmund (D:3)
  Menkaure (D:4)
  A black bear (Temple)
  3 lemures (Temple)
  2 scorpions
  A howler monkey (Temple)
  2 orc priests
  A hound (D:3)
  Crazy Yiuf (D:2)
  Jessica (D:2)
  An iguana (D:3)
  3 gnolls (D:3)
  4 adders
  A white imp (D:5)
  An adder skeleton (D:4)
  2 worms (D:2)
  A dart slug (D:2)
  8 orcs
  9 ball pythons
  5 bats
  5 endoplasms
  6 giant cockroaches
  5 goblins
  10 hobgoblins
  4 jackals (D:1)
  A quokka (D:3)
  7 frilled lizards
  7 kobolds
  2 rats
96 creatures vanquished.

Vanquished Creatures (collateral kills)
  A hound skeleton (D:4)
1 creature vanquished.

Vanquished Creatures (others)
  2 fungi (D:2)
  2 withered plants (D:4)
4 creatures vanquished.

Grand Total: 101 creatures vanquished

Notes
Turn   | Place    | Note
-------+----------+-------------------------------------------
     0 | D:1      | pkoi the Demigod Earth Elementalist began the quest for the
                  | Orb.
     0 | D:1      | Reached XP level 1. HP: 14/14 MP: 5/5
   577 | D:1      | Reached skill level 3 in Earth Magic
   988 | D:1      | Reached XP level 2. HP: 18/20 MP: 7/7
  2876 | D:2      | Reached XP level 3. HP: 26/26 MP: 8/8
  2883 | D:2      | Reached skill level 4 in Earth Magic
  3203 | D:2      | Learned a level 3 spell: Stone Arrow
  3287 | D:2      | Found the dreamshard necklace {*Dream Drain}
  4278 | D:2      | Noticed Jessica
  4285 | D:2      | Killed Jessica
  4286 | D:2      | Reached skill level 1 in Conjurations
  4286 | D:2      | Reached XP level 4. HP: 27/33 MP: 4/9
  4346 | D:2      | Found a runed translucent door.
  4347 | D:2      | Noticed Crazy Yiuf
  4495 | D:2      | Killed Crazy Yiuf
  4794 | D:3      | Noticed Sigmund
  5207 | D:3      | Killed Sigmund
  5208 | D:3      | Reached skill level 5 in Earth Magic
  5208 | D:3      | Reached XP level 5. HP: 15/38 MP: 3/10
  5505 | D:3      | Reached XP level 6. HP: 40/45 MP: 7/11
  5509 | D:3      | Learned a level 3 spell: Ozocubu's Armour
  5974 | D:3      | Found a transporter.
  5987 | D:3      | Noticed Shockd's ghost (amateur TeAE)
  6010 | D:3      | Reached skill level 1 in Ice Magic
  6063 | D:3      | Found a transporter.
  7550 | D:4      | Found a runed translucent door.
  7552 | D:4      | Noticed Zeld's ghost (amateur HOFi)
  7843 | D:4      | Noticed Menkaure
  7845 | D:4      | Killed Menkaure
  7846 | D:4      | Reached skill level 6 in Earth Magic
  7846 | D:4      | Reached XP level 7. HP: 50/50 MP: 9/12
  8070 | D:5      | Entered Level 5 of the Dungeon
  8070 | D:5      | Noticed Pikel
  8161 | D:5      | HP: 1/50 [orc warrior/+0 long sword (9)]
  8180 | D:5      | Found a staircase to the Ecumenical Temple.
  8185 | Temple   | Entered the Ecumenical Temple
  8709 | Temple   | HP: 2/50 [lemure[Pikel] (1)]
  9080 | D:5      | HP: 2/50 [lemure[Pikel] (1)]
  9080 | D:5      | Mangled by Pikel

Illustrated notes

Levels and vault maps discovered:
D:1:      lightli_arrival_windingriver, layout_basic,
          hellmonk_ecumenical_altar_leap_of_faith, minmay_pentomino_x2
D:2:      layout_loops_ring, basic_altar, serial_bayou_ford_a,
          uniq_crazy_yiuf_cottage, uniq_jessica
D:3:      layout_loops_ring, gammafunk_ghost_stat_death, uniq_sigmund
D:4:      layout_basic, mainiacjoe_overflow_24_doors,
          mainiacjoe_overflow_tiny_flanked, overflow_temple_1_default,
          gammafunk_ghost_grave, mrwooster_statue_mirror, uniq_menkaure
D:5:      layout_basic, temple_fountains, uniq_ijyb, uniq_pikel
Temple:   compressed_dpeg_triangle_lava_temple

Skill      XL: |  1  2  3  4  5  6 |
---------------+-------------------+-----
Earth Magic    | 3 4 5 6 |  6.2
Conjurations   | 1 3 4 |  4.5
Ice Magic      | 2 |  2.9
Dodging        | |  1.7
Stealth        | |  1.7
Spellcasting   | |  1.7
Transmutations | |  0.8

Action                   |  1- 3 |  4- 6 |  7- 9 || total
-------------------------+-------+-------+-------++-------
Melee: Spear             |   172 |    92 |    16 ||   280
       Punch             |     6 |     1 |     1 ||     8
 Cast: Sandblast         |    25 |    58 |    30 ||   113
  Use: Scroll            |     4 |     3 |     3 ||    10
       Potion            |       |       |     6 ||     6
 Stab: Sleeping          |     9 |     1 |     1 ||    11
Armor: Robe              |    31 |    28 |    12 ||    71
Dodge: Dodged            |    97 |    79 |    42 ||   218
